 Dungeon Crawl Stone Soup version 0.30.1-11-g7821555f0a (webtiles) character file.

Game seed: 12868961772729267324

139 Ivernyr the Shield-Bearer (level 5, 0/42 HPs)
             Began as a Formicid Fighter on Dec 7, 2023.
             Succumbed to an adder's poison
             ... on level 3 of the Dungeon.
             The game lasted 00:03:16 (2370 turns).

Ivernyr the Shield-Bearer (Formicid Fighter)        Turns: 2370, Time: 00:03:16

Health: 0/42       AC:  7    Str: 22    XL:     5   Next: 46%
Magic:  5/5        EV:  9    Int:  8    God:
Gold:   213        SH:  5    Dex: 13    Spells: 4/4 levels left

rFire   . . .        a - +0 quarterstaff
rCold   . . .        c - +0 buckler
rNeg    . . .        b - +0 scale mail
rPois   .            (helmet unavailable)
rElec   .            (no cloak)
rCorr   .            (no gloves)
SInv    +            (no boots)
Will    .....        (no amulet) Stlth
                     (no ring)
HPRegen 0.27/turn    (no ring)
MPRegen 0.09/turn

%: no passive effects
@: lethally poisoned (0 -> -1), attractive
A: permanent stasis, dig shafts and tunnels, antennae 3, four strong arms
a: Dig, Shaft Self


You were on level 3 of the Dungeon.
You visited 1 branch of the dungeon, and saw 3 of its levels.

You collected 213 gold pieces.

Inventory:

Hand Weapons
 a - a +0 quarterstaff (weapon)
Missiles
 j - a throwing net
Armour
 b - a +0 scale mail (worn)
 c - a +0 buckler (worn)
Wands
 o - a wand of polymorph (11)
Scrolls
 f - 2 scrolls of teleportation {unknown}
 g - a scroll of identify {unknown}
 k - a scroll of fog {unknown}
 l - a scroll of fear {unknown}
 m - a scroll of silence {unknown}
 p - a scroll of enchant armour {unknown}
Potions
 d - 4 potions of might
 e - a potion of attraction
 h - 2 potions of haste {unknown}
 i - a potion of flight {unknown}
 n - 2 potions of brilliance {unknown}


   Skills:
 + Level 4.0 Fighting
 * Level 3.6 Staves
 + Level 4.0 Armour
 + Level 4.9 Shields


You had 4 spell levels left.
You didn't know any spells.
Your spell library contained the following spells:

 Spells                   Type           Power      Damage    Failure   Level
 Slow                     Hex            0%         N/A       80%         1
 Summon Small Mammal      Summ           0%         N/A       80%         1
 Call Canine Familiar     Summ           0%         N/A       99%         3
 Confusing Touch          Hex            0%         N/A       99%         3
 Summon Guardian Golem    Hex/Summ       0%         N/A       99%         3
 Vampiric Draining        Necr           0%         2d6       99%         3


Dungeon Overview and Level Annotations

Branches:
Dungeon (3/15)

Altars:
Vehumet

Shops:
D:1 [


Innate Abilities, Weirdness & Mutations

You cannot be hasted, slowed, berserked, paralysed or teleported.
You can dig through walls and to a lower floor.
You have a pair of large antennae on your head. (SInv)
Your four strong arms can wield two-handed weapons with a shield.


Message History

The adder bites you but does no damage. x2; The adder bites you.
You barely miss the adder.
The adder is severely wounded.
The adder bites you but does no damage. You block the adder's attack.
The adder barely misses you.
You miss the adder.
The adder is severely wounded.
The adder bites you. The adder bites you but does no damage.
The adder bites you.
You are poisoned.
The adder poisons you!
You hit the adder.
You kill the adder!
You feel very sick. The adder bites you but does no damage.
The adder closely misses you. The adder attacks as you move away!
The adder bites you but does no damage.
You feel sick.
You see here an adder corpse.
You barely miss the adder.
You feel sick.
The adder bites you but does no damage. x2
You barely miss the adder.
You feel sick. The adder bites you.
* * * LOW HITPOINT WARNING * * *
You are more poisoned.
The adder poisons you!
You closely miss the adder.
You feel sick. The adder barely misses you. The adder bites you.
* * * LOW HITPOINT WARNING * * *
You sock the adder!
You kill the adder!
* * * LOW HITPOINT WARNING * * *
You feel sick.
* * * LOW HITPOINT WARNING * * *
You feel sick.
You see here an adder corpse.
Unknown command.
* * * LOW HITPOINT WARNING * * *
You feel sick.
It was a potion of attraction.
You feel attractive to monsters.
You die...

# #. ##.............# #.
#. .......#.###.#.#
#.##...........# #.#.#
#.....^........###.#.#
.........<..)#...#.#
#.#.....##......#.#
#.†.......<.#.#.#.# ##.
##†......>....#.#.#
.#...##@.######.#..#.#.#
#.........#####.#).#.#.#
.#...##............#.#.#
##. #.#.#####....#.#.#
#.#.##.#.#####....#.#..
.. #.....##.........###
. ##.#..†.............
#.....##..###..#####
#..#.#.##.......#


There were no monsters in sight!

Vanquished Creatures
  Ijyb (D:3)
  A gnoll (D:1)
  4 adders
  2 worms
  3 dart slugs (D:2)
  An orc (D:3)
  10 ball pythons
  3 bats
  4 endoplasms
  3 giant cockroaches
  3 goblins (D:3)
  3 hobgoblins
  2 jackals (D:1)
  3 quokkas
  2 frilled lizards
  6 kobolds
  5 rats
56 creatures vanquished.

Notes
Turn   | Place    | Note
-------+----------+-------------------------------------------
     0 | D:1      | Ivernyr the Formicid Fighter began the quest for the Orb.
     0 | D:1      | Reached XP level 1. HP: 18/18 MP: 1/1
    75 | D:1      | Reached XP level 2. HP: 24/24 MP: 2/2
   206 | D:1      | Reached XP level 3. HP: 29/29 MP: 3/3
   233 | D:1      | Found Buiheoho's Antique Armour Boutique.
   953 | D:1      | Found a faded altar of an unknown god.
  1169 | D:2      | Found a radiant altar of Vehumet.
  1294 | D:2      | Reached XP level 4. HP: 37/37 MP: 4/4
  1866 | D:3      | Noticed Ijyb
  1882 | D:3      | Killed Ijyb
  1883 | D:3      | Reached XP level 5. HP: 42/42 MP: 5/5
  2368 | D:3      | HP: 2/42 [poisoned by an adder]
  2370 | D:3      | Succumbed to an adder's poison

Illustrated notes

Levels and vault maps discovered:
D:1:      kennysheep_arrival_seaside, layout_basic, serial_shops,
          nicolae_shop_trees, shapermc_ecumenical_altar_mp_urbaneastern,
          chequers_serial_rivers_micro_d, item_on_display_a
D:2:      layout_basic, basic_altar, grunt_ministairs_15, minmay_misc_feat_doors
D:3:      layout_loops_ring, serial_park_tiny_pond, uniq_ijyb

Skill      XL: |  1  2  3  4  5 |
---------------+----------------+-----
Staves         | 3 |  3.6
Fighting       | 4 |  4.0
Armour         | 4 |  4.0
Shields        | |  4.9

Action                     |  1- 3 |  4- 6 || total
---------------------------+-------+-------++-------
  Melee: Quarterstaff      |    59 |   114 ||   173
    Use: Potion            |       |     1 ||     1
 Armour: Scale mail        |    21 |    72 ||    93
         Skin              |       |     6 ||     6
  Dodge: Dodged            |    29 |    45 ||    74
  Block: Buckler           |    14 |    25 ||    39
